 Dungeon Crawl Stone Soup version 0.18.1-50-g88ac8fd (webtiles) character file.

167 Monsterracer the Charlatan (level 5, 0/32 HPs)
             Began as a Kobold Artificer on Aug 22, 2017.
             Slain by Pikel
             ... wielding a +2 whip of flaming
              (8 damage)
             ... on level 3 of the Dungeon.
             The game lasted 00:05:40 (3238 turns).

Monsterracer the Charlatan (Kobold Artificer)       Turns: 3238, Time: 00:05:41

Health: 0/32       AC: 13    Str: 10    XL:     5   Next: 76%
Magic:  8/8        EV: 13    Int: 10    God:
Gold:   108        SH:  0    Dex: 17    Spells: 0 memorised, 4 levels left

rFire  . . .     SeeInvis .     a - +2 dagger (protect)
rCold  . . .     Gourm    .     t - +0 ring mail
rNeg   . . .     Faith    .     (shield restricted)
rPois  .         Spirit   .     (no helmet)
rElec  .         Dismiss  .     g - +2 cloak
rCorr  .         Reflect  .     (no gloves)
SustAt .         Harm     .     (no boots)
MR     .....                    (no amulet)
Stlth  ++........               (no ring)
                                (no ring)

@: not resistant to hostile enchantments, unstealthy
A: carnivore 3
a: no special abilities


You were on level 3 of the Dungeon.
You were very full.

You visited 1 branch of the dungeon, and saw 4 of its levels.

You collected 108 gold pieces.

Inventory:

Hand Weapons
 a - a +2 dagger of protection (weapon)
Missiles
 o - 54 stones (quivered)
Armour
 g - a +2 cloak (worn)
 t - a +0 ring mail (worn)
Wands
 c - a wand of flame (13/48)
 d - a wand of enslavement (12/24)
 e - a wand of random effects (9/48)
Scrolls
 j - a scroll of blinking
Potions
 h - a potion of agility
 l - a potion of cure mutation {unknown}
 s - a potion of haste {unknown}
 u - a potion of berserk rage {unknown}
Comestibles
 b - a royal jelly
 f - 2 meat rations
 k - a beef jerky
 m - 2 slices of pizza


   Skills:
 + Level 2.9 Fighting
 * Level 4.2 Short Blades
 + Level 2.7 Dodging
 + Level 2.6 Stealth
 + Level 4.6 Evocations


You had 4 spell levels left.
You didn't know any spells.

Dungeon Overview and Level Annotations

Branches:
Dungeon (4/15)
 Temple: D:4-7

Altars:

Annotations:
D:3 Pikel


Innate Abilities, Weirdness & Mutations

You are small and have problems with some larger weapons.
You are carnivorous and can eat meat at any time.


Message History

Evoke which item? (* to show all) (? for menu, Esc to quit)
Zapping:
d - a wand of enslavement (13/24)
Press: ? - help, Shift-Dir - straight line, f/p - Pikel
Aim: Pikel, wielding a whip of flaming and wearing a robe (heavily wounded, fast, chance to defeat MR: 55%) Pikel is charmed.
This wand has 12 charges left.
There is a stone staircase leading up here.
Pikel is no longer moving quickly.
What do you say? t - Shout!
Orders for allies: a - Attack new target. p - Attack previous target. r - Retreat! s - Stop attacking. w - Wait here. f - Follow me.
Anything else - Stay silent.
Retreat in which direction?
Press: ? - help, Dir - move target cursor, p - Pikel Fall back!
There is a stone staircase leading up here.
You start resting.
Pikel is no longer charmed.
Pikel hits you with a whip of flaming!
You die...

.# #.# #..# ##..♣..#.## ## #.#
#..# ##.[.##.# #####.###..#
#....#.# ##.........# #....#.#
##.##.###[.## ###..%.#.##
.#.##.......# #.........#
##.######...# #.........#
##.######...###########....†....>
........#......K@......†.....#..#
##..........##############...#...
##.####.###.## #...#... ...##
#.##...# ####.#.. ##..# #.##...#
#..### ##.# #.##...# #..### #..#
#.####.# #.#... #.## #.# #.#
#.#### #.# #.# #.# #.##..


You could see Pikel.

Vanquished Creatures
  An orc priest (D:3)
  5 adders
  A gnoll (D:1)
  An ooze (D:3)
  An adder zombie (D:3)
  A worm (D:3)
  3 dart slugs
  4 giant geckos
  3 orcs (D:3)
  A ball python (D:3)
  6 bats
  3 giant cockroaches
  7 goblins
  8 hobgoblins
  2 jackals (D:3)
  A quokka (D:3)
  4 giant newts
  6 kobolds
  8 rats
66 creatures vanquished.

Vanquished Creatures (collateral kills)
  A hobgoblin (D:3)
1 creature vanquished.

Vanquished Creatures (others)
  An orc priest (D:3)
1 creature vanquished.

Grand Total: 68 creatures vanquished

Notes
Turn   | Place    | Note
--------------------------------------------------------------
     0 | D:1      | Monsterracer the Kobold Artificer began the quest for the Orb.
     0 | D:1      | Reached XP level 1. HP: 12/12 MP: 3/3
   135 | D:1      | Reached XP level 2. HP: 16/16 MP: 4/4
   142 | D:1      | HP: 8/16 [rat (2)]
   149 | D:1      | HP: 6/16 [gnoll (3)]
   309 | D:1      | HP: 8/17 [kobold (3)]
   314 | D:1      | HP: 7/17 [kobold (1)]
   315 | D:1      | HP: 3/17 [kobold (4)]
   666 | D:1      | Reached XP level 3. HP: 18/21 MP: 4/6
  1585 | D:2      | Reached XP level 4. HP: 23/26 MP: 7/7
  2170 | D:3      | Reached XP level 5. HP: 31/31 MP: 8/8
  2552 | D:3      | HP: 7/32 [orc priest/divine providence (15)]
  3161 | D:4      | Noticed a slave
  3162 | D:4      | Noticed Pikel
  3162 | D:4      | Noticed a slave
  3162 | D:4      | Noticed a slave
  3162 | D:4      | Noticed a slave
  3181 | D:3      | HP: 15/32 [Pikel/whip of flaming (2)]
  3210 | D:3      | HP: 8/32 [Pikel/whip of flaming (8)]
  3238 | D:3      | Slain by Pikel

Skill      XL: |  1  2  3  4  5 |
---------------+----------------+-----
Stealth        | 2 |  2.6
Short Blades   | 2 3 4 |  4.2
Evocations     | 4 |  4.6
Fighting       | 2 |  2.9
Dodging        | |  2.7

Action                   |  1- 3 |  4- 6 || total
-------------------------+-------+-------++-------
Melee: Short sword       |    82 |       ||    82
       Dagger            |    34 |   153 ||   187
Evoke: Wand              |       |    11 ||    11
  Use: Scroll            |       |     8 ||     8
 Stab: Sleeping          |     5 |     6 ||    11
  Eat: Chunk             |     8 |     6 ||    14
Armor: Leather armour    |    32 |    15 ||    47
       Ring mail         |       |    29 ||    29
Dodge: Dodged            |    82 |   105 ||   187
